 Dungeon Crawl Stone Soup version 0.26-a0-631-ged93497179 (webtiles) character file.

Game seed: 14416892810166304550

518 DogServant the Shooter (level 7, -4/48 HPs)
             Began as a Halfling Hunter on Sept 12, 2020.
             Was an Initiate of Fedhas.
             Slain by an ogre
             ... wielding a +0 giant club
              (18 damage)
             ... on level 5 of the Dungeon.
             The game lasted 00:06:50 (4721 turns).

DogServant the Shooter (Halfling Hunter)            Turns: 4721, Time: 00:06:51

Health: -4/48      AC:  5    Str: 15    XL:     7   Next: 45%
Magic:  7/7        EV: 15    Int:  9    God:    Fedhas [......]
Gold:   273        SH:  0    Dex: 15    Spells: 6/6 levels left

rFire    . . .     SeeInvis .   h - +2 dagger (venom)
rCold    . . .     Faith    .   (shield restricted)
rNeg     . . .     Spirit   .   c - +1 leather armour
rPois    .         Reflect  .   (no helmet)
rElec    .         Harm     .   (no cloak)
rCorr    .         Rampage  .   r - +0 pair of gloves
MR       .....                  (no boots)
Stlth    ++........             (no amulet)
HPRegen  0.16/turn              (no ring)
MPRegen  0.10/turn              (no ring)

@: no status effects
A: small, mutation resistance 1
a: Renounce Religion


You were on level 5 of the Dungeon.
You worshipped Fedhas.
Fedhas was noncommittal.
You visited 1 branch of the dungeon, and saw 5 of its levels.

You collected 273 gold pieces.

Inventory:

Hand Weapons
 a - a +1 shortbow
 b - a +0 short sword
 h - a +2 dagger of venom (weapon)
 i - a cursed -1 dagger
 p - a cursed -1 rapier
Missiles
 d - 74 arrows
Armour
 c - a +1 leather armour (worn)
 r - a +0 pair of gloves (worn)
Jewellery
 q - a cursed -4 ring of intelligence
Wands
 g - a wand of polymorph (5)
Scrolls
 e - 7 scrolls of remove curse
 k - a scroll of blinking {unknown}
 n - 2 scrolls of identify
 o - 2 scrolls of teleportation {unknown}
Potions
 f - a potion of curing
 j - 2 potions of might
 m - a potion of heal wounds


   Skills:
 + Level 4.1 Fighting
 + Level 4.7 Short Blades
 + Level 6.4 Bows
 - Level 2.5 Dodging
 - Level 1.2 Stealth


You had 6 spell levels left.
You didn't know any spells.
Your spell library contained the following spells:

 Spells                   Type           Power        Failure   Level
 Sandblast                Erth           #.....       45%         1
 Passwall                 Tmut/Erth      #.......     58%         2
 Stone Arrow              Conj/Erth      #.....       83%         3
 Petrify                  Tmut/Erth      #.......     99%         4
 Lee's Rapid Deconstruct  Erth           #.........   100%        5


Dungeon Overview and Level Annotations

Branches:
Dungeon (5/15)
 Temple: D:4-7

Altars:
Fedhas
Hepliaklqana
Trog


Innate Abilities, Weirdness & Mutations

You are small and have problems with some larger weapons.
You are somewhat resistant to further mutation.


Message History

The ogre is lightly wounded.
The jackal misses you.
The ogre hits you with a +0 giant club!!
Ouch! That really hurt!
* * * LOW HITPOINT WARNING * * *
You hit the ogre.
The ogre is lightly wounded.
The jackal closely misses you.
You hit the ogre.
The ogre is poisoned.
The ogre is moderately wounded.
The jackal closely misses you. The ogre completely misses you.
You hit the ogre.
The ogre looks as sick as possible!
The ogre is heavily wounded.
The jackal bites you but does no damage.
The jackal completely misses you.
You hit the ogre.
The ogre is heavily wounded.
The ogre hits you with a +0 giant club!!
You die...
Fedhas appreciates your contribution to the ecosystem.

#.# #.####. #.# #.# #.
#.#########.####.
#.#.............. .
##.#.#######.##### ..
#....#............ ...
#....#............
)...######....#............
.........O@...#............
.........h#.#.#........####
..........#.#..........#
..........#.###........#
.......................#
..........#.###........#
...?......#.# ######.###
..........#.# ###########


You could see an ogre (extremely poisoned) and a jackal.

Vanquished Creatures
  An ogre (D:4)
  A bullfrog (D:4)
  A howler monkey (D:4)
  A hound (D:5)
  A centaur skeleton (D:5)
  A bullfrog skeleton (D:4)
  2 orc wizards
  3 worker ants
  A howler monkey skeleton (D:5)
  4 adders
  2 adder skeletons
  4 worms
  A dart slug (D:2)
  3 leopard geckos
  10 orcs
  A ball python (D:5)
  3 bats
  3 giant cockroaches
  2 goblins
  5 hobgoblins
  10 jackals
  3 frilled lizards
  A jackal skeleton (D:4)
  A kobold (D:2)
  A leopard gecko zombie (D:5)
  4 rats
70 creatures vanquished.

Notes
Turn   | Place    | Note
-------+----------+-------------------------------------------
     0 | D:1      | DogServant the Halfling Hunter began the quest for the Orb.
     0 | D:1      | Reached XP level 1. HP: 14/14 MP: 1/1
   339 | D:1      | Reached XP level 2. HP: 19/19 MP: 2/2
  1057 | D:2      | Reached skill level 1 in Short Blades
  1057 | D:2      | Reached XP level 3. HP: 15/24 MP: 3/3
  1290 | D:2      | Reached XP level 4. HP: 29/30 MP: 4/4
  1331 | D:2      | Reached skill level 5 in Bows
  2065 | D:3      | Reached XP level 5. HP: 25/36 MP: 5/5
  2853 | D:4      | Found a bloodstained altar of Trog.
  2908 | D:4      | Noticed a bullfrog
  2917 | D:4      | Killed a bullfrog
  2917 | D:4      | Reached XP level 6. HP: 36/42 MP: 6/6
  3357 | D:4      | Found a blossoming altar of Fedhas.
  3380 | D:4      | Noticed an oklob plant
  3563 | D:4      | Reached skill level 6 in Bows
  3780 | D:4      | Noticed an ogre
  3796 | D:4      | Killed an ogre
  3796 | D:4      | Reached XP level 7. HP: 36/47 MP: 7/7
  4279 | D:4      | Became a worshipper of Fedhas Madash
  4368 | D:5      | Entered Level 5 of the Dungeon
  4450 | D:5      | Found a hazy altar of Hepliaklqana.
  4531 | D:5      | Identified the +3 leather armour of the Pirate {rF+ rCorr
                  | SInv Stlth-}
  4721 | D:5      | Slain by an ogre

Illustrated notes

Levels and vault maps discovered:
D:1:      erik_arrival_blinker_ship, layout_basic
D:2:      layout_basic, due_unseen_surprise
D:3:      layout_basic
D:4:      layout_loops_corners, bloody_trog, tgw_fedhas
D:5:      layout_basic, basic_altar, minivault_23

Skill      XL: |  1  2  3  4  5  6  7 |
---------------+----------------------+-----
Fighting       | 2 3 4 |  4.1
Short Blades   | 1 2 3 4 |  4.7
Bows           | 5 6 |  6.4
Dodging        | |  2.5
Stealth        | |  1.2

Action                   |  1- 3 |  4- 6 |  7- 9 || total
-------------------------+-------+-------+-------++-------
Melee: Short sword       |    23 |       |       ||    23
       Dagger            |    27 |   135 |    81 ||   243
 Fire: Shortbow          |       |    17 |       ||    17
  Use: Scroll            |       |     9 |       ||     9
 Stab: Sleeping          |     1 |     1 |     1 ||     3
       Distracted        |       |       |     1 ||     1
Armor: Leather armour    |     5 |    29 |    17 ||    51
Dodge: Dodged            |    30 |    99 |    61 ||   190

Table legend: (Time is in decaauts)
 A = Elapsed time spent in this place.
 B = Non-inter-level travel time spent in this place.
 C = Inter-level travel time spent in this place.
 D = Time resting spent in this place.
 E = Time spent auto-exploring this place.
 F = Levels seen in this place.
 G = Mean time per level.
                   A        B        C        D        E       F      G
               +--------+--------+--------+--------+--------+-----+--------+
         Total |   4702 |   4470 |    232 |      0 |   3861 |   5 |  940.4 |
       Dungeon |   4702 |   4470 |    232 |      0 |   3861 |   5 |  940.4 |
               +--------+--------+--------+--------+--------+-----+--------+

Top non-repeatable levels by time:
     D:4: 1738 daAuts
     D:3: 950 daAuts
     D:1: 885 daAuts
     D:2: 789 daAuts
     D:5: 339 daAuts
